 Dungeon Crawl Stone Soup version 0.24.0-125-gc4c63601f3 (webtiles) character file.

Game seed: 613053326983222379, levelgen mode: deterministic

179 Curus the Poker (level 5, -11/45 HPs)
             Began as a Minotaur Fighter on Feb 26, 2020.
             Mangled by Menkaure (19 damage)
             ... on level 5 of the Dungeon.
             The game lasted 00:04:33 (1474 turns).

Curus the Poker (Minotaur Fighter)                  Turns: 1474, Time: 00:04:34

Health: -11/45     AC: 11    Str: 26    XL:     5   Next: 33%
Magic:  4/4        EV:  7    Int:  6    God:
Gold:   105        SH:  9    Dex:  9    Spells: 4/4 levels left

rFire    . . .     SeeInvis .   a - +1 trident
rCold    . . .     Gourm    .   c - +0 shield
rNeg     + . .     Faith    .   b - +0 scale mail
rPois    .         Spirit   .   (helmet restricted)
rElec    .         Reflect  .   h - +0 cloak
rCorr    +         Harm     .   (no gloves)
MR       .....                  j - +2 pair of boots
Stlth    ..........             (no amulet)
HPRegen  0.15/turn              g - ring of positive energy
MPRegen  0.09/turn              k - ring of resist corrosion

@: mighty
A: retaliatory headbutt, horns 2
a: no special abilities


You were on level 5 of the Dungeon.
You were not hungry.

You visited 1 branch of the dungeon, and saw 4 of its levels.

You collected 105 gold pieces.

Inventory:

Hand Weapons
 a - a +1 trident (weapon)
Armour
 b - a +0 scale mail (worn)
 c - a +0 shield (worn)
 h - a +0 cloak (worn)
 j - a +2 pair of boots (worn)
Jewellery
 g - a ring of positive energy (left hand)
 k - a ring of resist corrosion (right hand)
Scrolls
 i - 6 scrolls of identify
Potions
 e - 4 potions of curing
 m - a potion of cancellation
Comestibles
 f - 2 rations


   Skills:
 - Level 3.6 Fighting
 + Level 6.8 Polearms
 - Level 3.6 Armour
 - Level 3.6 Shields


You had 4 spell levels left.
You didn't know any spells.
Your spell library was empty.

Dungeon Overview and Level Annotations

Branches:
Dungeon (3/15)

Altars:

Annotations:
D:5 Menkaure


Innate Abilities, Weirdness & Mutations

You reflexively headbutt those who attack you in melee.
You have a pair of horns on your head.


Message History

Menkaure calls on the powers of darkness!
Your body is wracked with pain!
* * * LOW HITPOINT WARNING * * *
You feel very mighty all of a sudden.
The bullfrog skeleton hits you but does no damage.
You block the centaur's attack. Menkaure hits you.
* * * LOW HITPOINT WARNING * * *
The bullfrog skeleton hits you but does no damage.
You puncture the centaur!
You kill the centaur!
Your Polearms skill increases to level 6!
You have reached level 5!
Menkaure murmurs in an indecipherable tongue.
Menkaure hits you but does no damage.
The bullfrog skeleton hits you but does no damage.
Your shield prevents you from hitting Menkaure.
You headbutt Menkaure!
Menkaure is moderately damaged.
Menkaure hits you!!
You die...

.#####. .......#
...$...+ .......#
.......#
......#############
#(...Z@)........
#......M........
#((.............
#...............
#...............
#...............
#...............
#...............
##+########+#..


You could see Menkaure and a bullfrog skeleton.

Vanquished Creatures
  A centaur (D:5)
  Jessica (D:2)
  3 adders (D:2)
  A worm (D:2)
  3 dart slugs (D:1)
  An orc (D:3)
  A giant cockroach (D:1)
  2 goblins
  3 hobgoblins
  3 jackals (D:2)
  A ball python (D:2)
  10 bats
  3 frilled lizards
  5 kobolds
  4 rats
42 creatures vanquished.

Notes
Turn   | Place    | Note
-------+----------+-------------------------------------------
     0 | D:1      | Curus the Minotaur Fighter began the quest for the Orb.
     0 | D:1      | Reached XP level 1. HP: 19/19 MP: 0/0
   148 | D:1      | Reached skill level 3 in Polearms
   228 | D:1      | Reached XP level 2. HP: 26/26 MP: 1/1
   569 | D:1      | Reached skill level 4 in Polearms
   928 | D:2      | Reached XP level 3. HP: 26/31 MP: 2/2
  1043 | D:2      | Reached skill level 5 in Polearms
  1158 | D:2      | Noticed Jessica
  1162 | D:2      | Killed Jessica
  1162 | D:2      | Reached XP level 4. HP: 36/39 MP: 3/3
  1447 | D:3      | You fall into a shaft and drop 2 floors!
  1447 | D:5      | Entered Level 5 of the Dungeon
  1457 | D:5      | Noticed a centaur
  1464 | D:5      | Noticed Menkaure
  1473 | D:5      | Killed a centaur
  1473 | D:5      | Reached skill level 6 in Polearms
  1473 | D:5      | Reached XP level 5. HP: 7/45 MP: 4/4
  1474 | D:5      | Mangled by Menkaure

Levels and vault maps discovered:
D:1:      lightli_arrival_quake, layout_loops_corners,
          chequers_serial_rivers_marsh, st_stairs_3
D:2:      layout_basic, minmay_misc_feat_diagonals, uniq_jessica
D:3:      layout_rooms, first_ration, uniq_grinder, uniq_natasha
D:5:      layout_gridville, bloody_trog, uniq_menkaure, uniq_pikel

Skill      XL: |  1  2  3  4 |
---------------+-------------+-----
Polearms       | 3 4 5 6 |  6.8
Fighting       | |  3.6
Armour         | |  3.6
Shields        | |  3.6

Action                   |  1- 3 |  4- 6 || total
-------------------------+-------+-------++-------
Melee: Trident           |    62 |    39 ||   101
       Headbutt          |     9 |     3 ||    12
  Use: Potion            |     4 |     2 ||     6
       Scroll            |     3 |     1 ||     4
 Stab: Invisible         |     1 |       ||     1
  Eat: Chunk             |       |     2 ||     2
Armor: Scale mail        |    14 |    15 ||    29
Dodge: Dodged            |    11 |    10 ||    21
Block: Shield            |    18 |    12 ||    30
